AoeStats
← Your Mom

Nomad

506922258Analyzed
3v3 RM · 18d ago on Sep 15, 2026· 33m 40s· 6 players
Game mode
Random Map
Map size
210×210
Population
200
Speed
Normal
Resources
Standard
Victory
Conquest
Starting age
Dark Age
Ending age
Imperial Age
RankedLock teamsTeams togetherTeam positionsShared explorationLock speedFull tech treeHidden civsTurbo modeCheats
Victory
Defeat
🇺🇸 Bulgarians · United States
883
+14
🇨🇦 Japanese · Canada
852
+16
🇪🇸 Huns · Spain
843
+16
🇩🇪 Franks · Germany
880
-18
🇧🇴 Magyars · Bolivia
824
-14
🇨🇳 Chinese · China
824
-14
V snacks
6:51 Loom
16:11 Feudal Age
17:01 Town Watch
20:40 Fishing Lines
23:38 Double-Bit Axe
28:02 Castle Age
31:38 Fletching
31:48 Scale Mail Armor
31:59 Forging
DOLAR2305
4:51 Loom
18:19 Feudal Age
19:50 Wheelbarrow
19:19 Gold Mining
19:20 Stone Mining
19:41 Double-Bit Axe
22:55 Forging
22:50 Scale Barding Armor
25:40 Castle Age
24:51 Bloodlines
24:32 Fishing Lines
27:33 Iron Casting
27:19 Chain Barding Armor
27:44 Husbandry
27:05 Light Cavalry
29:13 Hand Cart
31:14 Gillnets
Darebear266178
5:24 Loom
6:41 Loom
9:34 Loom
19:28 Feudal Age
24:29 Castle Age
24:45 Scale Mail Armor
24:56 Forging
25:42 Fletching
32:04 Pikeman
Czar
4:32 Loom
15:21 Feudal Age
16:41 Wheelbarrow
19:51 Bloodlines
22:00 Horse Collar
25:54 Stone Mining
26:24 Man-at-Arms
Your Mom
3:31 Loom
13:29 Feudal Age
13:56 Double-Bit Axe
14:19 Gold Mining
18:53 Stone Mining
18:59 Man-at-Arms
22:26 Fishing Lines
24:20 Scale Mail Armor
25:08 Forging
30:09 Castle Age
29:23 Scale Barding Armor
30:19 Long Swordsman
31:02 Squires
31:41 Iron Casting
31:20 Bow Saw
31:51 Gold Shaft Mining
32:19 Chain Barding Armor
临
19:30 Feudal Age
20:49 Wheelbarrow
20:10 Stone Mining
20:12 Gold Mining
Connection lost

Rejoining the realm…

Still unreachable

The connection could not be restored.

Session expired

The server has moved on; the page needs a fresh start.